 Dungeon Crawl Stone Soup version 0.27-a0-836-gfc908b8576 (webtiles) character file.

Game seed: 11836219254418054288

11 dickylongcocking the Magician (level 2, 0/21 HPs)
             Began as a Djinni Fire Elementalist on Mar 31, 2021.
             Slain by a jackal (1 damage)
             ... on level 1 of the Dungeon.
             The game lasted 00:00:56 (275 turns).

dickylongcocking the Magician (DjFE)                 Turns: 275, Time: 00:00:56

Health: 0/21       AC:  2    Str:  7    XL:     2   Next: 29%
Gold:   0          EV: 12    Int: 16    God:
                   SH:  0    Dex: 13

rFire    + + .     SeeInvis .   (no weapon)
rCold    x . .     Faith    .   (no shield)
rNeg     . . .     Spirit   .   a - +0 robe
rPois    ∞         Reflect  .   (no helmet)
rElec    .         Harm     .   (no cloak)
rCorr    .         Rampage  .   (no gloves)
Will     .....                  (boots unavailable)
Stlth    ++........             (no amulet)
HPRegen  0.07/turn              (no ring)
MPRegen  0.00/turn              (no ring)

@: flying
A: fire resistance 2, cold vulnerability 1, float, innate caster, hp casting,
extra vitality 1
a: no special abilities


You were on level 1 of the Dungeon.
You visited 1 branch of the dungeon, and saw 1 of its levels.

Inventory:

Armour
 a - a +0 robe (worn)


   Skills:
 + Level 2.2 Dodging
 + Level 1.6 Stealth
 + Level 3.1 Spellcasting


You couldn't memorise any spells.
You knew the following spells:

 Your Spells              Type           Power      Damage    Failure   Level
a - Foxfire               Conj/Fire      48%        2x1d6     4%          1
b - Conjure Flame         Conj/Fire      12%        6-21      16%         3
c - Inner Flame           Hex/Fire       12%        N/A       16%         3
d - Sticky Flame          Conj/Fire      12%        2d4       45%         4
e - Fireball              Conj/Fire      6%         3d5       80%         5
Your spell library was empty.

Dungeon Overview and Level Annotations

Branches:
Dungeon (1/15)

Altars:


Innate Abilities, Weirdness & Mutations

You are immune to poison.
Your flesh is very heat resistant. (rF++)
You are vulnerable to cold. (rC-)
You float through the air rather than walking.
You learn spells naturally, not from books.
Your magical power is your life essence.
You have superior vitality. (+4 HP)


Message History

A jackal comes into view.
What are your orders? t - Shout!
Orders for allies: a - Attack new target. r - Retreat! s - Stop attacking. g - Guard the area. f - Follow me.
Anything else - Cancel.
Gang up on whom?
Press: ? - help, Dir - move target, f - jackal
Aim: a jackal Attack!
The foxfire hits the jackal.
The jackal is moderately wounded.
A jackal comes into view.
The foxfire hits the jackal.
The jackal is heavily wounded.
The jackal bites you but does no damage.
Casting: Foxfire (safe; 4% risk of failure)
Confirm with . or Enter, or press ? or * to list all spells.
You conjure some foxfire!
* * * LOW HITPOINT WARNING * * *
The foxfire hits the jackal.
You kill the jackal!
Unknown command.
Your foxfire dissipates!
Casting: Foxfire (safe; 4% risk of failure)
Confirm with . or Enter, or press ? or * to list all spells.
Okay, then.
You aren't carrying any potions.
Unknown command.
The jackal completely misses you.
The jackal bites you but does no damage.
The jackal bites you.
* * * LOW HITPOINT WARNING * * *
Casting: Foxfire (safe; 4% risk of failure)
Confirm with . or Enter, or press ? or * to list all spells.
You don't have enough health to cast this spell.
Unknown command.
Unknown command.
The jackal bites you.
You die...

##h#.### ###.#.....#
#†..#####.# #.#.......#
#.######### #.## #..##
####### ##..#
######≈≈#..##
##h###h≈≈#@≈≈≈≈..###
##.##.h##≈hP.≈≈##..#
#..##P.h≈.≈..≈.....#
##....P..≈......P.P.#
#.....≈.PP.P≈P≈P.≈..#
#....P..P.≈....P....#
#.......P..≈...≈..P..#
#.........P....P..P.<#
....##P....≈.≈≈P......#


You could see 2 jackals.

Vanquished Creatures
  3 endoplasms (D:1)
  A hobgoblin (D:1)
  A jackal (D:1)
  2 kobolds (D:1)
  A ball python (D:1)
  3 bats (D:1)
11 creatures vanquished.

Vanquished Creatures (others)
  27 foxfires (D:1)
27 creatures vanquished.

Grand Total: 38 creatures vanquished

Notes
Turn   | Place    | Note
-------+----------+-------------------------------------------
     0 | D:1      | dickylongcocking the Djinni Fire Elementalist began the
                  | quest for the Orb.
     0 | D:1      | Reached XP level 1. HP: 15/15 MP: 0/0
   185 | D:1      | Reached skill level 3 in Spellcasting
   185 | D:1      | Reached XP level 2. HP: 4/21 MP: 0/0
   264 | D:1      | HP: 1/21 [jackal (1)]
   275 | D:1      | Slain by a jackal

Illustrated notes

Levels and vault maps discovered:
D:1:      lemuel_arrival_muddy, layout_basic, tso_metal_star

Skill      XL: |  1 |
---------------+----+-----
Spellcasting   | 3 |  3.1
Dodging        | |  2.2
Stealth        | |  1.6

Action                   || total
-------------------------++-------
 Cast: Foxfire           ||    23
Armor: Robe              ||     5
Dodge: Dodged            ||     3

Table legend: (Time is in decaauts)
 A = Elapsed time spent in this place.
 B = Non-inter-level travel time spent in this place.
 C = Inter-level travel time spent in this place.
 D = Time resting spent in this place.
 E = Time spent auto-exploring this place.
 F = Levels seen in this place.
 G = Mean time per level.
                   A        B        C        D        E       F      G
               +--------+--------+--------+--------+--------+-----+--------+
         Total |    275 |    275 |      0 |     49 |    150 |   1 |  275.0 |
       Dungeon |    275 |    275 |      0 |     49 |    150 |   1 |  275.0 |
               +--------+--------+--------+--------+--------+-----+--------+

Top non-repeatable levels by time:
     D:1: 275 daAuts
